 Dungeon Crawl Stone Soup version 0.31.0-11-ge490571c62 (webtiles) character file.

Game seed: 6788088176822645018

61 Gadfly the Trooper (level 3, -1/29 HPs)
             Began as a Demonspawn Monk on Jan 28, 2024.
             Succumbed to an orc's poison
             ... on level 3 of the Dungeon.
             The game lasted 00:02:18 (1851 turns).

Gadfly the Trooper (Demonspawn Monk)                Turns: 1851, Time: 00:02:19

Health: -1/29      AC:  3    Str: 13    XL:     3   Next: 83%
Magic:  3/3        EV: 15    Int: 10    God:
Gold:   123        SH:  0    Dex: 15    Spells: 2/2 levels left

rFire   . .          .
                       - Unarmed
rCold   + . .        c - orb {light}
rNeg    . . .        a - +1 robe
rPois   .            (no helmet)
rElec   .            (no cloak)
rCorr   +            (no gloves)
SInv    .            (no boots)
Will    .....        (no amulet)
Stlth   +            f - ring of resist corrosion
HPRegen 0.24/turn    g - ring of protection from cold
MPRegen 0.08/turn

%: no passive effects
@: lethally poisoned (-1 -> -8), glowing
A: repulsion field 1, ignite blood 1
a: no special abilities


You were on level 3 of the Dungeon.
You visited 1 branch of the dungeon, and saw 3 of its levels.

You collected 123 gold pieces.

Inventory:

Armour
 a - a +1 robe (worn)
 c - an orb of light (worn)
Jewellery
 f - a ring of resist corrosion (left hand)
 g - a ring of protection from cold (right hand)
Scrolls
 j - a scroll of vulnerability
Potions
 b - 2 potions of ambrosia
 e - 2 potions of curing
 i - 2 potions of brilliance {unknown}


   Skills:
 - Level 3.0 Fighting
 + Level 3.0 Dodging
 + Level 3.0 Unarmed Combat
 * Level 1.9 Evocations
 * Level 1.5 Shapeshifting


You had 2 spell levels left.
You didn't know any spells.
Your spell library was empty.

Dungeon Overview and Level Annotations

Branches:
Dungeon (3/15)

Altars:


Innate Abilities, Weirdness & Mutations

You are surrounded by a mild repulsion field. (EV +2)
Your demonic aura sometimes causes spilled blood to erupt in flames.


Message History

You are too injured to fight recklessly!
You are too injured to fight recklessly!
You are too injured to fight recklessly!
You are too injured to fight recklessly!
You are too injured to fight recklessly!
You are too injured to fight recklessly!
You are too injured to fight recklessly!
You are too injured to fight recklessly!
You are too injured to fight recklessly!
You are too injured to fight recklessly!
You are too injured to fight recklessly!
You are too injured to fight recklessly!
You are too injured to fight recklessly!
You are too injured to fight recklessly!
You are too injured to fight recklessly!
You are too injured to fight recklessly!
You are too injured to fight recklessly!
You are too injured to fight recklessly!
You are too injured to fight recklessly!
You are too injured to fight recklessly!
You are too injured to fight recklessly!
You are too injured to fight recklessly!
You are too injured to fight recklessly!
You are too injured to fight recklessly!
You are too injured to fight recklessly!
Unknown command.
You hit the orc but do no damage.
The orc is heavily wounded.
You feel very sick. The orc hits you with a +0 short sword.
* * * LOW HITPOINT WARNING * * *
The orc closely misses you.
You hit the orc.
You kill the orc!
* * * LOW HITPOINT WARNING * * *
You feel sick. The orc completely misses you.
Unknown command.
* * * LOW HITPOINT WARNING * * *
You feel sick.
You die...

# .# ..# ...# gg..#
#############g....#
#.......°○ooo.....+
#.......#####.....#
#.....@.# #####
#####.......###
#>............##
##..........#..####
#####.................
#..............###...
#..........###.# ##.
#.......<..# #.#
#####.....# #.#


There were no monsters in sight!

Vanquished Creatures
  2 adders (D:2)
  2 dart slugs
  2 orcs (D:3)
  2 ball pythons (D:2)
  5 endoplasms
  3 goblins
  3 hobgoblins (D:2)
  4 kobolds
  3 quokkas (D:2)
  3 bats
  4 rats
33 creatures vanquished.

Notes
Turn   | Place    | Note
-------+----------+-------------------------------------------
     0 | D:1      | Gadfly the Demonspawn Monk began the quest for the Orb.
     0 | D:1      | Reached XP level 1. HP: 18/18 MP: 1/1
   316 | D:1      | Gained mutation: Your demonic aura sometimes causes spilled
                  | blood to erupt in flames. [demonic ancestry]
   316 | D:1      | Reached XP level 2. HP: 23/24 MP: 2/2
   540 | D:1      | Reached skill level 1 in Evocations
  1008 | D:2      | Reached skill level 1 in Shapeshifting
  1099 | D:2      | Gained mutation: You are surrounded by a mild repulsion
                  | field. (EV +2) [demonic ancestry]
  1099 | D:2      | Reached XP level 3. HP: 28/29 MP: 3/3
  1231 | D:2      | You fall into a shaft and drop 1 floor!
  1850 | D:3      | HP: 1/29 [poisoned by an orc]
  1851 | D:3      | Succumbed to an orc's poison

Illustrated notes

Levels and vault maps discovered:
D:1:      psy_arrival_radial01, layout_basic
D:2:      layout_loops_cross
D:3:      layout_basic, grunt_qazlal_clouds, uniq_sigmund

Skill      XL: |  1  2  3 |
---------------+----------+-----
Evocations     | 1 |  1.9
Shapeshifting  | 1 |  1.5
Unarmed Combat | 3 |  3.0
Dodging        | 3 |  3.0
Fighting       | |  3.0

Action                     || total
---------------------------++-------
  Melee: Unarmed           ||    93
    Use: Scroll            ||     4
 Armour: Robe              ||    33
  Dodge: Dodged            ||    60
